 Dungeon Crawl Stone Soup version 0.19-a0-860-g5c370dd (webtiles) character file.

77 PurpleSnorlax the Slasher (level 4, -3/34 HPs)
             Began as a Demonspawn Gladiator on July 2, 2016.
             Slain by a gnoll
             ... wielding a +0 flail
              (9 damage)
             ... on level 2 of the Dungeon.
             The game lasted 00:07:22 (2091 turns).

PurpleSnorlax the Slasher (Demonspawn Gladiator)    Turns: 2091, Time: 00:07:22

Health: -3/34      AC:  9    Str: 16    XL:     4   Next: 13%
Magic:  4/4        EV: 11    Int:  9    God:
Gold:   61         SH:  0    Dex: 14    Spells: 0 memorised, 3 levels left

rFire  + . .     SeeInvis .     a - +0 long sword
rCold  . . .     Gourm    .     n - +0 scale mail
rNeg   + . .     Faith    .     (no shield)
rPois  .         Spirit   .     c - +0 helmet
rElec  .         Dismiss  .     (no cloak)
rCorr  .         Reflect  .     (no gloves)
SustAt .         Harm     .     (no boots)
MR     .....                    (no amulet)
Stlth  +.........               h - ring of positive energy
                                i - +2 ring of protection (curse)

@: not resistant to hostile enchantments, very unstealthy
A: fire resistance 1, nightstalker 1
a: no special abilities


You were on level 2 of the Dungeon.
You were not hungry.

You visited 1 branch of the dungeon, and saw 2 of its levels.

You collected 61 gold pieces.

Inventory:

Hand Weapons
 a - a +0 long sword (weapon)
Missiles
 d - 3 throwing nets (quivered)
 r - 6 poisoned tomahawks
Armour
 b - a +0 leather armour
 c - a +0 helmet (worn)
 n - a +0 scale mail (worn)
Jewellery
 h - a ring of positive energy (right hand)
 i - a cursed +2 ring of protection (left hand)
 k - a cursed ring of loudness {unknown}
 o - a +3 ring of strength {unknown}
Scrolls
 e - 3 scrolls of identify {unknown}
 g - 3 scrolls of remove curse {unknown}
 l - a scroll of noise {unknown}
 p - a scroll of immolation {unknown}
Potions
 j - 2 potions of brilliance {unknown}
 q - a potion of lignification {unknown}
Comestibles
 f - 2 bread rations
 m - a meat ration


   Skills:
 + Level 2.6 Fighting
 + Level 3.6 Long Blades
 + Level 1.8 Throwing
 + Level 0.6 Armour
 + Level 3.1 Dodging
 + Level 0.2 Stealth


You had 3 spell levels left.
You didn't know any spells.

Dungeon Overview and Level Annotations

Branches:
Dungeon (2/15)

Altars:


Innate Abilities, Weirdness & Mutations

Your flesh is heat resistant. (rF+)
You are slightly more attuned to the shadows.


Message History

The gnoll closely misses you. The gnoll closely misses you.
You riposte.
You hit the gnoll but do no damage.
The gnoll is lightly wounded.
The gnoll closely misses you.
You riposte.
Your scale mail prevents you from hitting the gnoll.
The gnoll is lightly wounded.
The gnoll barely misses you.
You hit the rat.
You kill the rat!
The gnoll hits you with a flail!
* * * LOW HITPOINT WARNING * * *
The gnoll hits you with a flail.
* * * LOW HITPOINT WARNING * * *
A kobold comes into view. It is wielding a dagger.
The kobold shouts!
An adder comes into view.
The adder hisses angrily.
The gnoll completely misses you. The gnoll hits you with a flail!
You die...

#.#.# #.# #$# #.#.#
.#####.# #$# #.#.#
.......## ..##
#.#.#########K.# # # #..
#.#..........#.####.#.#.#
#.##########.#.g....#.#.###
#.# ###g#.......[..... #.#
#.gg##.##.[#.#?### # #.#
#@####.#. .#...... # #.#
#...##.# #.#g##. # #.#
###.##.# ###.# # #.# #.##.#
..##.## # #.#
##.##.###.###†.#. # #.#
#..#.......##.g#. #######.#
#)#####.####...# ....(...#
#.<...#.#.#.#### #########
###.#####.#.#.#


You could see 3 gnolls.

Vanquished Creatures
  A gnoll (D:1)
  4 adders (D:2)
  A dart slug (D:2)
  3 giant cockroaches
  5 goblins
  A hobgoblin (D:1)
  6 jackals (D:1)
  A kobold (D:2)
  A bat (D:2)
  5 rats
28 creatures vanquished.

Notes
Turn   | Place    | Note
-------+----------+-------------------------------------------
     0 | D:1      | PurpleSnorlax the Demonspawn Gladiator began the quest for the Orb.
     0 | D:1      | Reached XP level 1. HP: 16/16 MP: 1/1
   252 | D:1      | Gained mutation: You are slightly more attuned to the shadows. [demonic ancestry]
   252 | D:1      | Reached XP level 2. HP: 22/22 MP: 2/2
  1249 | D:2      | Gained mutation: Your flesh is heat resistant. (rF+) [demonic ancestry]
  1249 | D:2      | Reached XP level 3. HP: 23/28 MP: 3/3
  1775 | D:1      | Reached XP level 4. HP: 7/34 MP: 4/4
  1795 | D:1      | Paralysed by fainting for 9 turns
  1810 | D:1      | Paralysed by fainting for 11 turns
  2091 | D:2      | Slain by a gnoll

Vault maps used:
D:1:      tarquinn_simple_flora_water_b
D:2:      first_bread, grunt_decor_fettered

Skill      XL: |  1  2 |
---------------+-------+-----
Long Blades    | 3 |  3.6
Dodging        | 3 |  3.1
Fighting       | |  2.6
Throwing       | |  1.8
Armour         | |  0.6
Stealth        | |  0.2

Action                   |  1- 3 |  4- 6 || total
-------------------------+-------+-------++-------
Melee: Long sword        |    95 |    17 ||   112
 Stab: Sleeping          |     3 |       ||     3
  Eat: Bread ration      |       |     1 ||     1
Armor: Leather armour    |     8 |       ||     8
       Scale mail        |    25 |     8 ||    33
Dodge: Dodged            |    68 |    20 ||    88
